TOP OF THE 1ST |
Seattle Pikes batting - Pitching for Chicago Machine : RHP Chris Spencer
|
Pitching: RHP Chris Spencer
|
|
Batting: LHB Bruno Lalonde
|
0-0: Ball 1-0: Ball 2-0: Foul Ball, location: 2F 2-1: Ball 3-1: Fly out, F8 (Flyball, 8LD)
|
Pitching: RHP Manny Muñóz
|
|
Batting: SHB Jong-min Kim
|
0-0: Called Strike 0-1: Ball 1-1: Foul Ball, location: 2F 1-2: Ball 2-2: Strikes out looking
|
Batting: LHB Eduardo Gómez
|
0-0: Ball 1-0: Called Strike 1-1: SINGLE (Groundball, 6MD)
|
Batting: RHB António Ortega
|
0-0: Ball 1-0: Called Strike 1-1: Called Strike 1-2: Ground out 2-3 (Groundball, 25)
|
Top of the 1st over - 0 run(s), 1 hit(s), 0 error(s), 1 left on base; Seattle 0 - Chicago 0 |
BOTTOM OF THE 1ST |
Chicago Machine batting - Pitching for Seattle Pikes : LHP David Hill
|
Pitching: LHP David Hill
|
|
Batting: LHB Francisco Vega
|
0-0: Called Strike 0-1: Ground out 6-3 (Groundball, 6M)
|
Batting: SHB Joaquín López
|
0-0: Ball 1-0: Ground out 6-3 (Groundball, 6M)
|
Batting: LHB Eric Wheeler
|
0-0: Called Strike 0-1: Ground out 3-1 (Groundball, 34)
|
Bottom of the 1st over - 0 run(s), 0 hit(s), 0 error(s), 0 left on base; Seattle 0 - Chicago 0 |
TOP OF THE 2ND |
Seattle Pikes batting - Pitching for Chicago Machine : RHP Manny Muñóz
|
Batting: RHB Iván Gonzáles
|
0-0: Ball 1-0: Foul Ball, location: 2F 1-1: Foul Ball, location: 2F 1-2: Fly out, F9 (Flyball, 89D)
|
Batting: RHB Lorenzo Ayala
|
0-0: Fly out, F5 (Popup, 56S)
|
Batting: LHB Javier Escobedo
|
0-0: Ball 1-0: Called Strike 1-1: Ball 2-1: DOUBLE (Groundball, 3L)
|
Batting: RHB Dave Morgan
|
0-0: Ball 1-0: Ball 2-0: Called Strike 2-1: Ball 3-1: Fly out, F9 (Flyball, 89S)
|
Top of the 2nd over - 0 run(s), 1 hit(s), 0 error(s), 1 left on base; Seattle 0 - Chicago 0 |
BOTTOM OF THE 2ND |
Chicago Machine batting - Pitching for Seattle Pikes : LHP David Hill
|
Batting: LHB Bob Smith
|
0-0: Ground out 6-3 (Groundball, 6)
|
Batting: RHB Roberto Cardona
|
0-0: Foul Ball, location: 2F 0-1: Fly out, F9 (Flyball, 89M)
|
Batting: LHB Marcos Vargas
|
0-0: Ball 1-0: Foul Ball, location: 2F 1-1: Ground out 3-1 (Groundball, 34)
|
Bottom of the 2nd over - 0 run(s), 0 hit(s), 0 error(s), 0 left on base; Seattle 0 - Chicago 0 |
TOP OF THE 3RD |
Seattle Pikes batting - Pitching for Chicago Machine : RHP Manny Muñóz
|
Batting: RHB Tae-kwon Kwon
|
0-0: DOUBLE (Line Drive, 8LS)
|
Batting: LHB Bruno Lalonde
|
0-0: Foul Ball, location: 2F 0-1: Foul Ball, location: 2F 0-2: Fly out, F7 (Flyball, 78XD) Runner from 2nd tags up, SAFE at 3rd, no throw
|
Batting: SHB Jong-min Kim
|
0-0: Foul Ball, location: 2F 0-1: Ball 1-1: Ball 2-1: Foul Ball, location: 2F 2-2: Ball 3-2: Foul Ball, location: 2F 3-2: Base on Balls
|
Batting: LHB Eduardo Gómez
|
0-0: Ball 1-0: Grounds into double play, 4-6-3 (Groundball, 4)
|
Top of the 3rd over - 0 run(s), 1 hit(s), 0 error(s), 1 left on base; Seattle 0 - Chicago 0 |
BOTTOM OF THE 3RD |
Chicago Machine batting - Pitching for Seattle Pikes : LHP David Hill
|
Batting: RHB Arturo García
|
0-0: SINGLE (Groundball, 56)
|
Batting: RHB Fabrice Brodeur
|
0-0: Called Strike 0-1: Called Strike 0-2: SINGLE (Groundball, 25) (infield hit) Arturo García to second
|
Batting: RHB Rick Ayliffe
|
0-0: Called Strike 0-1: Ball 1-1: Foul Ball, location: 2F 1-2: Ground out 3-1 (Groundball, 34) Arturo García to third Fabrice Brodeur to second
|
Batting: LHB Francisco Vega
|
0-0: Ground out 1-3 (Groundball, 23)
|
Batting: SHB Joaquín López
|
0-0: SINGLE (Groundball, 6) Arturo García scores Fabrice Brodeur to third Runner from 3rd tries for Home, SAFE, no throw or cutoff
|
Batting: LHB Eric Wheeler
|
0-0: Foul Ball, location: 2F 0-1: Swinging Strike 0-2: Ball Joaquín López is caught stealing 2nd base
|
Bottom of the 3rd over - 2 run(s), 3 hit(s), 0 error(s), 0 left on base; Seattle 0 - Chicago 2 |
TOP OF THE 4TH |
Seattle Pikes batting - Pitching for Chicago Machine : RHP Manny Muñóz
|
Batting: RHB António Ortega
|
0-0: Foul Ball, location: 2F 0-1: Ground out 5-3 (Groundball, 56S)
|
Batting: RHB Iván Gonzáles
|
0-0: Reached on error, E6 (Groundball, 6M)
|
Batting: RHB Lorenzo Ayala
|
0-0: Called Strike 0-1: Ball 1-1: Ball 2-1: SINGLE (Groundball, 56) Iván Gonzáles to second
|
Batting: LHB Javier Escobedo
|
0-0: Ball 1-0: Foul Ball, location: 2F 1-1: Foul Ball, location: 2F 1-2: Foul Ball, location: 2F 1-2: Foul Ball, location: 2F 1-2: Strikes out swinging
|
Pitching: RHP Alberto Vásquez
|
|
Batting: RHB Dave Morgan
|
0-0: Swinging Strike 0-1: Ball 1-1: Foul Ball, location: 2F 1-2: Strikes out swinging
|
Top of the 4th over - 0 run(s), 1 hit(s), 1 error(s), 2 left on base; Seattle 0 - Chicago 2 |
BOTTOM OF THE 4TH |
Chicago Machine batting - Pitching for Seattle Pikes : LHP David Hill
|
Batting: LHB Eric Wheeler
|
0-0: Called Strike 0-1: Ball 1-1: Swinging Strike 1-2: Foul Ball, location: 2F 1-2: Foul Ball, location: 2F 1-2: Ball 2-2: Strikes out looking
|
Batting: LHB Bob Smith
|
0-0: Swinging Strike 0-1: Foul Ball, location: 2F 0-2: Strikes out swinging
|
Batting: RHB Roberto Cardona
|
0-0: Called Strike 0-1: Ball 1-1: Fly out, F9 (Flyball, 9M)
|
Bottom of the 4th over - 0 run(s), 0 hit(s), 0 error(s), 0 left on base; Seattle 0 - Chicago 2 |
TOP OF THE 5TH |
Seattle Pikes batting - Pitching for Chicago Machine : RHP Alberto Vásquez
|
Batting: RHB Tae-kwon Kwon
|
0-0: Ball 1-0: Ball 2-0: Ground out 3-1 (Groundball, 3)
|
Batting: LHB Bruno Lalonde
|
0-0: Ball 1-0: Swinging Strike 1-1: Ball 2-1: Foul Ball, location: 2F 2-2: Ball 3-2: Foul Ball, location: 2F 3-2: Ground out 5-3 (Groundball, 56)
|
Batting: SHB Jong-min Kim
|
0-0: Called Strike 0-1: SINGLE (Line Drive, 8RS)
|
Batting: LHB Eduardo Gómez
|
0-0: Called Strike 0-1: Ball 1-1: Called Strike 1-2: Foul Ball, location: 2F 1-2: Ball 2-2: Foul Ball, location: 2F 2-2: SINGLE (Flyball, 9S) Jong-min Kim to second Runner from 2nd tries for 3rd, SAFE, throw made to third
|
Batting: RHB António Ortega
|
0-0: Foul Ball, location: 2F 0-1: Fly out, F1 (Popup, 15S)
|
Top of the 5th over - 0 run(s), 2 hit(s), 0 error(s), 2 left on base; Seattle 0 - Chicago 2 |
BOTTOM OF THE 5TH |
Chicago Machine batting - Pitching for Seattle Pikes : LHP David Hill
|
Batting: LHB Marcos Vargas
|
0-0: Called Strike 0-1: Ball 1-1: Foul Ball, location: 2F 1-2: Ball 2-2: Foul Ball, location: 2F 2-2: Ball 3-2: Base on Balls
|
Batting: RHB Arturo García
|
0-0: Swinging Strike 0-1: Ball 1-1: Swinging Strike 1-2: Ball 2-2: Strikes out swinging
|
Batting: RHB Fabrice Brodeur
|
0-0: Called Strike 0-1: Ball 1-1: Ball 2-1: Called Strike 2-2: Ball 3-2: Foul Ball, location: 2F 3-2: DOUBLE (Groundball, 5L) Marcos Vargas to third
|
Batting: RHB Rick Ayliffe
|
0-0: Called Strike 0-1: Ball 1-1: Ball 2-1: Fly out, F7 (Flyball, 78M) Runner from 3rd tags up, SCORES, no throw
|
Batting: LHB Francisco Vega
|
0-0: Ball 1-0: Swinging Strike 1-1: Foul Ball, location: 2F 1-2: Foul Ball, location: 2F 1-2: Ground out 3-1 (Groundball, 34)
|
Bottom of the 5th over - 1 run(s), 1 hit(s), 0 error(s), 1 left on base; Seattle 0 - Chicago 3 |
TOP OF THE 6TH |
Seattle Pikes batting - Pitching for Chicago Machine : RHP Alberto Vásquez
|
Batting: RHB Iván Gonzáles
|
0-0: Ball 1-0: Called Strike 1-1: Ball 2-1: Fly out, F3 (Popup, 4S)
|
Batting: RHB Lorenzo Ayala
|
0-0: Ball 1-0: SOLO HOME RUN (Flyball, 78XD), Distance : 427 ft
|
Batting: LHB Javier Escobedo
|
0-0: Foul Ball, location: 2F 0-1: Swinging Strike 0-2: Strikes out swinging
|
Batting: RHB Dave Morgan
|
0-0: Foul Ball, location: 2F 0-1: Swinging Strike 0-2: Foul Ball, location: 2F 0-2: Ball 1-2: Ground out 5-3 (Groundball, 5S)
|
Top of the 6th over - 1 run(s), 1 hit(s), 0 error(s), 0 left on base; Seattle 1 - Chicago 3 |
BOTTOM OF THE 6TH |
Chicago Machine batting - Pitching for Seattle Pikes : LHP David Hill
|
Batting: SHB Joaquín López
|
0-0: Called Strike 0-1: Ball 1-1: Foul Ball, location: 2F 1-2: Ball 2-2: Ground out 4-3 (Groundball, 4)
|
Batting: LHB Eric Wheeler
|
0-0: Called Strike 0-1: Ball 1-1: Ball 2-1: Ball 3-1: Base on Balls
|
Batting: LHB Bob Smith
|
0-0: SINGLE (Groundball, 34D) Eric Wheeler to second Runner from 2nd tries for 3rd, SAFE, throw made to third
|
Batting: RHB Roberto Cardona
|
0-0: Ball 1-0: Ball 2-0: Fly out, F8 (Flyball, 8LXD) Runner from 3rd tags up, SCORES, no throw
|
Batting: LHB Marcos Vargas
|
0-0: Ground out 4-3 (Groundball, 4)
|
Bottom of the 6th over - 1 run(s), 1 hit(s), 0 error(s), 1 left on base; Seattle 1 - Chicago 4 |
TOP OF THE 7TH |
Seattle Pikes batting - Pitching for Chicago Machine : RHP Alberto Vásquez
|
Pitching: RHP José García
|
|
Batting: RHB Tae-kwon Kwon
|
0-0: Called Strike 0-1: Fly out, F4 (Popup, 4M)
|
Batting: LHB Bruno Lalonde
|
0-0: Ball 1-0: Called Strike 1-1: Foul Ball, location: 2F 1-2: Ball 2-2: Foul Ball, location: 2F 2-2: Ground out U3 (Groundball, 3)
|
Batting: SHB Jong-min Kim
|
0-0: Ball 1-0: Swinging Strike 1-1: Ground out 5-3 (Groundball, 56)
|
Top of the 7th over - 0 run(s), 0 hit(s), 0 error(s), 0 left on base; Seattle 1 - Chicago 4 |
BOTTOM OF THE 7TH |
Chicago Machine batting - Pitching for Seattle Pikes : LHP David Hill
|
Batting: RHB Arturo García
|
0-0: Ball 1-0: Foul Ball, location: 2F 1-1: Ground out 4-3 (Groundball, 4)
|
Batting: RHB Fabrice Brodeur
|
0-0: Foul Ball, location: 2F 0-1: Ball 1-1: Foul Ball, location: 2F 1-2: Strikes out looking
|
Batting: RHB Rick Ayliffe
|
0-0: SINGLE (Line Drive, 7LS)
|
Batting: LHB Francisco Vega
|
0-0: Ball 1-0: Ball 2-0: Fly out, F7 (Flyball, 7M)
|
Bottom of the 7th over - 0 run(s), 1 hit(s), 0 error(s), 1 left on base; Seattle 1 - Chicago 4 |
TOP OF THE 8TH |
Seattle Pikes batting - Pitching for Chicago Machine : RHP José García
|
Batting: LHB Eduardo Gómez
|
0-0: Foul Ball, location: 2F 0-1: Ball 1-1: Foul Ball, location: 2F 1-2: SINGLE (Groundball, 34)
|
Batting: RHB António Ortega
|
0-0: Grounds into double play, 5-4-3 (Groundball, 5L)
|
Batting: RHB Iván Gonzáles
|
0-0: Ground out 4-3 (Groundball, 4M)
|
Top of the 8th over - 0 run(s), 1 hit(s), 0 error(s), 0 left on base; Seattle 1 - Chicago 4 |
BOTTOM OF THE 8TH |
Chicago Machine batting - Pitching for Seattle Pikes : LHP David Hill
|
Batting: SHB Joaquín López
|
0-0: Ball 1-0: Fly out, F8 (Flyball, 8LS)
|
Batting: LHB Eric Wheeler
|
0-0: Foul Ball, location: 2F 0-1: Swinging Strike 0-2: Foul Ball, location: 2F 0-2: Fly out, F5 (Popup, 56S)
|
Batting: LHB Bob Smith
|
0-0: Ball 1-0: Ball 2-0: Called Strike 2-1: Swinging Strike 2-2: Strikes out swinging
|
Bottom of the 8th over - 0 run(s), 0 hit(s), 0 error(s), 0 left on base; Seattle 1 - Chicago 4 |
TOP OF THE 9TH |
Seattle Pikes batting - Pitching for Chicago Machine : RHP José García
|
Pitching: LHP Valentín Reséndez
|
|
Now at 1B: Derek Ramsey
|
|
Batting: RHB Lorenzo Ayala
|
0-0: Bunted foul 0-1: Swinging Strike 0-2: Fly out, F8 (Flyball, 8RS)
|
Batting: LHB Javier Escobedo
|
0-0: Foul Ball, location: 2F 0-1: Ball 1-1: Swinging Strike 1-2: Ball 2-2: Strikes out swinging
|
Batting: RHB Dave Morgan
|
0-0: Called Strike 0-1: Ball 1-1: Fly out, F9 (Flyball, 89M)
|
Top of the 9th over - 0 run(s), 0 hit(s), 0 error(s), 0 left on base; Seattle 1 - Chicago 4 |
|